 Dungeon Crawl Stone Soup version 0.31.0-12-g77e489cdc1 (webtiles) character file.

Game seed: 10698617656758607822

46 Silvore the Trooper (level 3, -8/29 HPs)
             Began as a Demonspawn Fighter on Feb 14, 2024.
             Mangled by Sigmund
             ... wielding a +0 scythe
              (10 damage)
             ... on level 2 of the Dungeon.
             The game lasted 00:01:24 (974 turns).

Silvore the Trooper (Demonspawn Fighter)             Turns: 974, Time: 00:01:25

Health: -8/29      AC:  6    Str: 18    XL:     3   Next: 44%
Magic:  3/3        EV:  9    Int:  8    God:
Gold:   33         SH:  4    Dex: 12    Spells: 2/2 levels left

rFire   . . .        a - +0 long sword
rCold   . . .        c - +0 buckler
rNeg    . . .        b - +0 scale mail
rPois   .            (no helmet)
rElec   .            (no cloak)
rCorr   .            (no gloves)
SInv    .            (no boots)
Will    .....        (no amulet) Stlth
                     (no ring)
HPRegen 0.24/turn    (no ring)
MPRegen 0.08/turn

%: no passive effects
@: mighty
A: hooves 1, spiny 1
a: no special abilities


You were on level 2 of the Dungeon.
You visited 1 branch of the dungeon, and saw 2 of its levels.

You collected 33 gold pieces.

Inventory:

Hand Weapons
 a - a +0 long sword (weapon)
Armour
 b - a +0 scale mail (worn)
 c - a +0 buckler (worn)
Scrolls
 h - a scroll of immolation


   Skills:
 + Level 3.5 Fighting
 + Level 2.1 Long Blades
 + Level 3.2 Armour
 + Level 0.1 Dodging
 + Level 2.9 Shields


You had 2 spell levels left.
You didn't know any spells.
Your spell library was empty.

Dungeon Overview and Level Annotations

Branches:
Dungeon (2/15)

Altars:

Shops:
D:2 (

Annotations:
D:2 Sigmund


Innate Abilities, Weirdness & Mutations

You have large cloven feet.
You are partially covered in sharp spines.


Message History

As you open the door, it creaks loudly!
There is an open door here.
There is an open door here.
You open the door.
There is an entrance to Qucroat's Weapon Boutique here.
There is an open door here.
You now have 23 gold pieces (gained 11).
A frilled lizard comes into view.
A frilled lizard is nearby!
Found 10 gold pieces.
The frilled lizard is struck by your spines.
You kill the frilled lizard!
You see here a frilled lizard corpse.
You now have 33 gold pieces (gained 10).
Sigmund the Dreaded comes into view.
He is wielding a +0 scythe.
Sigmund shouts!
Sigmund gestures wildly while chanting.
Sigmund flickers and vanishes!
Deactivating autopickup; reactivate with Ctrl-A.
You closely miss something. Your kick misses something. Something hits you.
You hit something but do no damage. Your kick misses something.
Something hits you but does no damage.
You closely miss something. Something hits you.
You barely miss something. Your kick misses something.
You hear some strange, mumbled words.
A puff of flame appears from out of thin air!
The puff of flame hits you.
You feel very mighty all of a sudden. Something hits you.
You barely miss something. Something hits you!
You closely miss something. Your kick misses something.
You closely miss something. Your kick misses something.
You hear some strange, mumbled words.
A puff of flame appears from out of thin air!
The puff of flame hits you!
* * * LOW HITPOINT WARNING * * *
You block something's attack.
You completely miss something. You miss something. Your kick misses something.
Something hits you!
You die...

#.### #.# #...# #.#
###.# #.# #.# #.# #.#
#.# #.# ##### #.#
#######.#
......##.#####.......#
......{@.......#######
########.####### #.#
..# ####


There were no monsters in sight!

Vanquished Creatures
  A gnoll (D:1)
  2 dart slugs (D:1)
  5 ball pythons (D:1)
  3 endoplasms (D:1)
  A giant cockroach (D:1)
  2 goblins
  2 hobgoblins (D:1)
  2 jackals (D:2)
  5 kobolds (D:1)
  2 bats (D:1)
  5 frilled lizards
  3 rats (D:1)
33 creatures vanquished.

Notes
Turn   | Place    | Note
-------+----------+-------------------------------------------
     0 | D:1      | Silvore the Demonspawn Fighter began the quest for the Orb.
     0 | D:1      | Reached XP level 1. HP: 18/18 MP: 1/1
     6 | D:1      | Noticed a mana viper
     6 | D:1      | Noticed a wolf
     6 | D:1      | Noticed a boulder beetle
     7 | D:1      | Noticed a black bear
     7 | D:1      | Noticed a wyvern
   149 | D:1      | Gained mutation: You are partially covered in sharp spines.
                  | [demonic ancestry]
   149 | D:1      | Reached XP level 2. HP: 14/24 MP: 2/2
   353 | D:1      | Gained mutation: You have large cloven feet. [demonic
                  | ancestry]
   353 | D:1      | Reached XP level 3. HP: 29/29 MP: 3/3
   888 | D:2      | Found Qucroat's Weapon Boutique.
   961 | D:2      | Noticed Sigmund
   974 | D:2      | Mangled by Sigmund

Illustrated notes

Levels and vault maps discovered:
D:1:      onia_arrival_zoo_common, layout_loops_cross,
          chequers_serial_rivers_small_b
D:2:      layout_loops_ring, serial_shops, nicolae_shop_peninsula, shop,
          nicolae_shop_behind_doors, uniq_sigmund

Skill      XL: |  1  2 |
---------------+-------+-----
Long Blades    | 2 |  2.1
Armour         | 3 |  3.2
Fighting       | |  3.5
Dodging        | |  0.1
Shields        | |  2.9

Action                     || total
---------------------------++-------
  Melee: Long sword        ||    76
         Kick              ||     4
    Use: Scroll            ||     3
         Potion            ||     1
 Armour: Scale mail        ||    53
  Dodge: Dodged            ||    23
  Block: Buckler           ||    20
